 Dungeon Crawl Stone Soup version 0.28-a0-1130-gc51a68064b (webtiles) character file.

Game seed: 714973442296902623

116417 freelancePsychic the Brawler (level 16, -2/136 HPs)
             Began as a Demonspawn Monk on Dec 12, 2021.
             Was the Champion of Qazlal.
             Slain by a naga warrior (13 damage)
             ... on level 2 of the Snake Pit.
             The game lasted 01:00:57 (34341 turns).

freelancePsychic the Brawler (Demonspawn Monk)     Turns: 34341, Time: 01:00:58

Health: -2/136     AC: 16    Str: 18    XL:     16   Next: 20%
Magic:  25/25      EV: 21    Int: 18    God:    Qazlal [******]
Gold:   1227       SH: 14    Dex: 15    Spells: 18/25 levels left

rFire   . . .      SeeInvis +     - Unarmed
rCold   + + +      Faith    .   (shield currently unavailable)
rNeg    + + +      Spirit   .   V - +4 skin of Zhor {*Englaciate rC+++ SInv}
rPois   +          Reflect  .   k - +2 hat of Incorporation {rN++ rCorr Str-2 Int+2}
rElec   .          Harm     .   g - +2 cloak {Will+}
rCorr   +          Rampage  .   (gloves unavailable)
Will    ++...                   c - +1 pair of boots
Stlth   +.........              Q - amulet of magic regeneration
HPRegen 0.32/turn               O - ring of Salvation {rN+ Str+4 Slay+3}
MPRegen 0.78/turn               a - ring of poison resistance

@: mighty, agile, blade hands, wereblooded, protected from physical damage,
slowed, repel missiles, very slow
A: claws 3, large bone plates 2, powered by pain 3, magic regeneration
a: End Transformation, Renounce Religion, Upheaval, Elemental Force, Disaster
Area


You were on level 2 of the Snake Pit.
You worshipped Qazlal.
Qazlal was exalted by your worship.
You had blades for hands.
You visited 4 branches of the dungeon, and saw 25 of its levels.
You also visited: Sewer and Ice Cave.

You collected 2855 gold pieces.
You spent 1628 gold pieces at shops.

Inventory:

Missiles
 w - 87 poisoned darts (quivered)
 L - a throwing net
Armour
 c - a +1 pair of boots (worn)
 g - a +2 cloak of willpower (worn)
 k - the +2 hat of Incorporation (worn) {rN++ rCorr Str-2 Int+2}
   (You bought it in a shop on level 2 of the Orcish Mines)

   Str:       It affects your strength (-2).
   Int:       It affects your intelligence (+2).
   rN:        It greatly protects you from negative energy.
   rCorr:     It protects you from acid and corrosion.
 l - a +0 plate armour
 V - the +4 skin of Zhor (worn) {*Englaciate rC+++ SInv}
   (You found it on level 1 of the Lair of Beasts)

   It radiates cold, occasionally slowing all nearby creatures who are not
   resistant to cold.
   rC:        It renders you almost immune to cold.
   SInv:      It lets you see invisible.
 X - a +2 buckler (melded)
Jewellery
 a - a ring of poison resistance (right blade hand)
 f - a +6 ring of intelligence
 o - a ring of see invisible
 A - a ring of willpower
 G - a ring of protection from fire
 O - the ring of Salvation (left blade hand) {rN+ Str+4 Slay+3}
   (You acquired it on level 4 of the Lair of Beasts)

   [ring of positive energy]

   Str:       It affects your strength (+4).
   Slay:      It affects your accuracy & damage with ranged weapons and melee
   (+3).
   rN:        It protects you from negative energy.
 Q - an amulet of magic regeneration (around neck)
 Y - a +4 ring of protection
 Z - a ring of magical power
Wands
 D - a wand of mindburst (3)
 J - a wand of iceblast (22)
 M - a wand of flame (20)
 N - a wand of polymorph (1)
 S - a wand of paralysis (13)
 T - a wand of digging (16)
Scrolls
 e - 14 scrolls of teleportation {@r4}
 h - 7 scrolls of enchant armour
 m - 5 scrolls of fog
 n - 4 scrolls of magic mapping
 p - 3 scrolls of vulnerability
 t - 2 scrolls of enchant weapon
 u - 4 scrolls of fear
 y - 2 scrolls of summoning
 E - 7 scrolls of amnesia
 F - 3 scrolls of identify {@r1}
 H - 4 scrolls of blinking
 P - 3 scrolls of immolation
 W - 2 scrolls of silence {unknown}
Potions
 b - 2 potions of might
 d - 6 potions of curing {@q1}
 i - 2 potions of heal wounds {@q2}
 j - 5 potions of brilliance {unknown}
 q - 2 potions of cancellation {unknown}
 r - 5 potions of invisibility {unknown}
 s - 3 potions of degeneration {unknown}
 v - 8 potions of haste {unknown}
 x - 2 potions of magic
 z - 2 potions of berserk rage {unknown}
 B - 4 potions of mutation {unknown}
 C - 5 potions of lignification {unknown}
 I - 3 potions of resistance {unknown}
 K - a potion of ambrosia {unknown}
 R - 3 potions of attraction {unknown}
 U - 4 potions of flight {unknown}


   Skills:
 + Level 15.5 Fighting
 - Level 2.8 Long Blades
 - Level 4.8 Armour
 - Level 7.9 Dodging
 - Level 2.0 Stealth
 - Level 4.2 Shields
 + Level 16.3 Unarmed Combat
 - Level 5.3 Spellcasting
 + Level 9.4 Transmutations
 - Level 12.1 Invocations


You had 18 spell levels left.
You knew the following spells:

 Your Spells              Type           Power      Damage    Failure   Level
a - Wereblood             Tmut           38%        N/A       11%         2
b - Blade Hands           Tmut           19%        N/A       41%         5

Your spell library contained the following spells:

 Spells                   Type           Power      Damage    Failure   Level
 Passwall                 Tmut/Erth      17%        N/A       24%         2
 Animate Skeleton         Necr           8%         N/A       52%         1
 Freeze                   Ice            16%        1d4       52%         1
 Pain                     Necr           16%        1d4       52%         1
 Ice Form                 Ice/Tmut       21%        N/A       61%         4
 Corpse Rot               Necr/Air       8%         N/A       63%         2
 Ensorcelled Hibernation  Hex/Ice        8%         N/A       63%         2
 Poisonous Vapours        Pois/Air       8%         N/A       63%         2
 Static Discharge         Conj/Air       4%         N/A       63%         2
 Sublimation of Blood     Necr           4%         N/A       63%         2
 Frozen Ramparts          Ice            8%         1d2       78%         3
 Gell's Gravitas          Tloc           4%         N/A       78%         3
 Inner Flame              Hex/Fire       4%         N/A       78%         3
 Swiftness                Air            4%         N/A       78%         3
 Teleport Other           Tloc           4%         N/A       78%         3
 Tukima's Dance           Hex            4%         N/A       78%         3
 Vampiric Draining        Necr           4%         2d6       78%         3
 Irradiate                Conj/Tmut      10%        3d16      85%         5
 Cause Fear               Hex            2%         N/A       98%         4
 Dispel Undead            Necr           4%         3d7       98%         4
 Hailstorm                Conj/Ice       4%         3d4       98%         4
 Sticky Flame             Conj/Fire      4%         2d3       98%         4
 Summon Ice Beast         Ice/Summ       4%         N/A       98%         4
 Dragon Form              Tmut           19%        N/A       99%         7
 Lightning Bolt           Conj/Air       2%         1d13      100%        5
 Dispersal                Tloc           2%         N/A       100%        6
 Summon Hydra             Summ           2%         N/A       100%        7
 Discord                  Hex            2%         N/A       100%        8
 Maxwell's Capacitive Co  Air            2%         ∞         100%        8


Dungeon Overview and Level Annotations

Branches:
Dungeon (15/15)            Temple (0/1) D:7            Lair (6/6) D:11
  Swamp (0/4) Lair:2        Snake (2/4) Lair:2        Slime (0/5) Lair:5
    Orc (2/2) D:11            Elf (0/3) Orc:2        Vaults (0/5) D:14
 Depths (0/4) D:15          Sewer (visited)           IceCv (visited)

Altars:
Hepliaklqana
Nemelex Xobeh
Okawaru
Qazlal
Ru
Sif Muna
Trog
Wu Jian
Beogh

Shops:
D:4 [   Orc:1 :   Orc:2 [*([

Annotations:
D:2 1 runed translucent door, Crazy Yiuf
Lair:6 2 transporters, Lunaplom's ghost, journeyman MiBe


Innate Abilities, Weirdness & Mutations

You have blades for hands.
Your spellcasting is less reliable in this form.
You are incapable of wielding weapons or throwing items.
You have claws for hands.
You are mostly covered in large bone plates. (SH +6)
You are powered by pain.
You regenerate magic rapidly.


Message History

You block the splash of poison.
The naga sharpshooter casts a spell.
The naga sharpshooter magically shoots an arrow.
The arrow barely misses you. The naga spits poison at you.
The splash of poison hits you.
You have difficulty breathing.
You feel yourself slow down.
The naga mage mumbles some strange words.
The naga mage seems to speed up.
The naga spits poison at you.
The splash of poison hits you but does no damage.
The naga mage is engulfed in blazing flames.
You kill the naga mage!
Qazlal accepts your kill.
The naga sharpshooter shoots a bolt.
The bolt hits you!!
* * * LOW HITPOINT WARNING * * *
The naga sharpshooter no longer looks unusually strong.
The naga sharpshooter mumbles some strange words.
The naga sharpshooter magically shoots a bolt.
The bolt hits you!!
* * * LOW HITPOINT WARNING * * *
You focus on the pain.
You feel very mighty all of a sudden.
The naga warrior is engulfed in freezing vapours.
The naga sharpshooter shoots a bolt.
You block the bolt.
You feel much better.
The naga sharpshooter no longer looks unusually strong.
The naga mage is engulfed in freezing vapours.
The naga mage hits you from afar with a +0 spear.
* * * LOW HITPOINT WARNING * * *
The naga mage is engulfed in freezing vapours.
The naga mage barely misses you. The naga hits you with a +0 scimitar!
* * * LOW HITPOINT WARNING * * *
You feel more protected from physical attacks.
You block the naga's attack.
The naga sharpshooter spits poison at you.
The splash of poison misses you.
The naga warrior is engulfed in freezing vapours.
The naga warrior hits you with a +0 flail!
You die...

.............#
..#........#.###
..#..............$
...................
...................
..................
........°§........# ..
#......[.......#
...##°.°N@<§.......
.......○N§.○.......
#.....)N.N.##.##### ....
#.......°NN..<.#.
.#..##.....#).).........
...#.........#.[.......
......##.....##....##...
..#....#..... .....#
.._.
..#.................. ..


You could see a naga warrior (curare), 2 naga sharpshooters, a naga mage (fast,
strong) and 2 nagas.

Vanquished Creatures
  Jorgrun (Snake:2)
  A fire giant (D:15)
  A reaper (IceCv)
  A great orb of eyes (D:14)
  Harold (D:9)
  9 hydras
  4 naga warriors
  2 ogre magi
  4 anacondas
  4 boulder beetles
  10 centaur warriors
  13 two-headed ogres
  9 death yaks
  A tengu warrior (D:14)
  2 shock serpents
  2 naga sharpshooters (Snake:1)
  4 orc high priests (Orc:2)
  Urug (Lair:6)
  Nergalle (Lair:1)
  2 salamander mystics (Snake:2)
  5 orc knights (Orc:2)
  3 deep elf pyromancers
  9 ugly things (D:15)
  4 orc sorcerers (Orc:2)
  5 salamanders
  4 manticores
  5 cyclopes
  Maurice (D:9)
  A guardian serpent (Snake:1)
  Joseph (D:9)
  An ice statue (IceCv)
  5 naga magi
  13 black mambas
  15 elephants (Lair:2)
  18 cane toads
  2 torpor snails
  2 kobold demonologists (D:12)
  An unseen horror (D:12)
  8 rime drakes
  Psyche (D:9)
  3 anaconda simulacra (IceCv)
  An ice devil (IceCv)
  2 efreet (D:15)
  7 komodo dragons
  An entropy weaver simulacrum (IceCv)
  A tengu conjurer (D:14)
  3 meliai (D:14)
  4 trolls
  2 tyrant leeches (Lair:6)
  20 blink frogs
  4 dream sheep
  2 dire elephant simulacra (IceCv)
  6 slime creatures
  A shadow (D:11)
  2 vampires
  A wraith (D:12)
  41 yaks
  11 vampire mosquitoes
  5 wyverns
  A death yak simulacrum (IceCv)
  2 wargs (Orc:2)
  A harpy simulacrum (IceCv)
  18 nagas
  3 acid dragons
  16 water moccasins
  A swamp drake (shapeshifter) (D:13)
  A hornet zombie (D:6)
  22 orc warriors
  A black bear (D:8)
  18 wolves
  3 necrophages
  36 centaurs
  6 ogres
  A lemure (D:3)
  2 phantoms (D:11)
  3 kobold brigands
  20 bullfrogs
  2 scorpions
  6 two-headed ogre simulacra (IceCv)
  A cane toad simulacrum (IceCv)
  A wyvern skeleton (D:6)
  2 troll zombies (D:11)
  12 killer bees (D:8)
  2 howler monkeys (D:9)
  7 wights
  6 electric eels
  3 hounds
  2 centaur skeletons
  3 centaur zombies
  5 jellies
  16 orc priests
  3 bullfrog skeletons
  A gnoll shaman (D:9)
  4 iguanas
  22 orc wizards
  Terence (D:2)
  11 hell rats
  5 spriggan simulacra (IceCv)
  4 troll simulacra (IceCv)
  A killer bee zombie (D:9)
  A wolf simulacrum (IceCv)
  4 ogre zombies (D:11)
  A howler monkey zombie (D:8)
  6 gnolls
  5 adders
  9 naga simulacra (IceCv)
  2 river rats
  9 white imps
  10 ufetubi
  3 worms
  2 dart slugs
  63 orcs
  6 endoplasms
  7 giant cockroaches
  6 goblins
  10 hobgoblins
  5 jackals
  9 quokkas
  20 ball pythons
  3 bats
  4 frilled lizards
  A goblin zombie (D:11)
  2 hobgoblin skeletons (D:11)
  2 hobgoblin zombies (D:11)
  27 kobolds
  3 orc skeletons (D:11)
  11 orc zombies (D:11)
  32 rats
832 creatures vanquished.

Vanquished Creatures (collateral kills)
  Pikel (D:4)
  An adder (Sewer)
  A rat (Sewer)
3 creatures vanquished.

Vanquished Creatures (others)
  29 fungi
  95 plants
124 creatures vanquished.

Grand Total: 959 creatures vanquished

Notes
Turn   | Place    | Note
-------+----------+-------------------------------------------
     0 | D:1      | freelancePsychic the Demonspawn Monk began the quest for
                  | the Orb.
     0 | D:1      | Reached XP level 1. HP: 18/18 MP: 1/1
    64 | D:1      | Gained mutation: You have sharp fingernails. [demonic
                  | ancestry]
    64 | D:1      | Reached XP level 2. HP: 11/24 MP: 2/2
   541 | D:1      | Found a faded altar of an unknown god.
   576 | D:1      | Prayed at the altar of an unknown god.
   576 | D:1      | Became a worshipper of Qazlal Stormbringer
   576 | D:1      | Reached * piety under Qazlal
   576 | D:1      | Reached ** piety under Qazlal
   819 | D:1      | Reached skill level 1 in Unarmed Combat
   943 | D:1      | Reached XP level 3. HP: 27/29 MP: 3/3
  1170 | D:2      | Reached *** piety under Qazlal
  1381 | D:2      | Noticed Terence
  1410 | D:2      | Killed Terence
  1411 | D:2      | Reached skill level 1 in Invocations
  1411 | D:2      | Gained mutation: You sometimes gain a little power by
                  | taking damage. [demonic ancestry]
  1411 | D:2      | Reached XP level 4. HP: 35/36 MP: 0/5
  1586 | D:2      | Reached skill level 2 in Unarmed Combat
  1743 | D:2      | Found a runed translucent door.
  1803 | D:2      | Noticed Crazy Yiuf
  2262 | D:3      | Noticed a centaur
  2268 | D:2      | Killed a centaur
  2269 | D:2      | Gained mutation: You have very sharp fingernails. [demonic
                  | ancestry]
  2269 | D:2      | Reached XP level 5. HP: 32/42 MP: 6/6
  2349 | D:3      | Reached skill level 3 in Unarmed Combat
  2673 | D:3      | Gained mutation: You are partially covered in large bone
                  | plates. (SH +4) [demonic ancestry]
  2673 | D:3      | Reached XP level 6. HP: 45/48 MP: 4/8
  2820 | D:4      | Found Wosal's Armour Shop.
  2855 | D:4      | Found a glowing drain.
  2876 | Sewer    | Entered a sewer
  3496 | Sewer    | Reached skill level 4 in Unarmed Combat
  3831 | D:4      | Reached XP level 7. HP: 46/55 MP: 10/10
  3958 | D:4      | Noticed Pikel
  4128 | D:4      | Found a sacrificial altar of Ru.
  4134 | D:4      | Found a shimmering blue altar of Sif Muna.
  4134 | D:4      | Found an iron altar of Okawaru.
  4138 | D:4      | Found an ornate altar of the Wu Jian Council.
  4277 | D:4      | Reached skill level 5 in Fighting
  4394 | D:4      | Killed Pikel
  4395 | D:4      | Reached skill level 6 in Unarmed Combat
  4395 | D:4      | Reached skill level 5 in Invocations
  4395 | D:4      | Reached XP level 8. HP: 61/64 MP: 5/12
  4871 | D:5      | Entered Level 5 of the Dungeon
  5753 | D:4      | Bought a +2 cloak of preservation for 258 gold pieces
  5982 | D:6      | Reached skill level 7 in Unarmed Combat
  6112 | D:5      | Reached **** piety under Qazlal
  6113 | D:5      | Reached XP level 9. HP: 54/71 MP: 14/14
  6590 | D:7      | Noticed a two-headed ogre
  6600 | D:7      | Killed a two-headed ogre
  6601 | D:7      | Reached skill level 8 in Unarmed Combat
  7054 | D:7      | Reached skill level 9 in Unarmed Combat
  7399 | D:7      | Found a staircase to the Ecumenical Temple.
  7924 | D:8      | Noticed a seven-headed hydra
  7929 | D:8      | Killed a seven-headed hydra
  7930 | D:8      | Gained mutation: You sometimes gain power by taking damage.
                  | [demonic ancestry]
  7930 | D:8      | Reached XP level 10. HP: 80/80 MP: 3/17
  9319 | D:9      | Noticed Harold
  9328 | D:9      | Noticed Joseph
  9329 | D:9      | Killed Harold
  9330 | D:9      | Reached skill level 10 in Unarmed Combat
  9330 | D:9      | Reached skill level 10 in Invocations
  9335 | D:9      | Killed Joseph
  9625 | D:9      | Noticed a two-headed ogre
  9849 | D:9      | Killed a two-headed ogre
  9850 | D:9      | Reached skill level 1 in Armour
  9991 | D:9      | Noticed Psyche
 10002 | D:9      | Killed Psyche
 10054 | D:9      | Reached skill level 11 in Unarmed Combat
 10054 | D:9      | Gained mutation: You regenerate magic rapidly. [demonic
                  | ancestry]
 10054 | D:9      | Reached XP level 11. HP: 86/89 MP: 18/18
 10247 | D:9      | Noticed Maurice
 10256 | D:9      | Killed Maurice
 10329 | D:10     | Entered Level 10 of the Dungeon
 11382 | D:10     | Noticed a centaur warrior
 11395 | D:10     | Killed a centaur warrior
 12002 | D:11     | Found a staircase to the Orcish Mines.
 12105 | D:11     | Noticed a death yak
 12109 | D:11     | Noticed a death yak
 12115 | D:11     | Noticed a death yak
 12124 | D:11     | Killed a death yak
 12125 | D:11     | Reached skill level 12 in Unarmed Combat
 12149 | D:11     | Noticed a two-headed ogre
 12350 | D:11     | Reached skill level 10 in Fighting
 12420 | D:11     | Noticed a deep elf pyromancer
 12558 | D:11     | Killed a deep elf pyromancer
 12622 | D:11     | Killed a two-headed ogre
 12794 | D:10     | Killed a death yak
 13063 | D:10     | Killed a death yak
 13252 | D:11     | Gained mutation: You have claws for hands. [demonic
                  | ancestry]
 13252 | D:11     | Reached XP level 12. HP: 38/98 MP: 19/19
 13745 | D:11     | Identified the +2 pair of gloves of Eternal Vigilance
                  | {-Cast rN+ rCorr Dex+3}
 13752 | D:11     | Found a staircase to the Lair.
 14063 | D:11     | Learned a level 2 spell: Wereblood
 14123 | Lair:1   | Entered Level 1 of the Lair of Beasts
 14123 | Lair:1   | Found the +4 skin of Zhor {*Englaciate rC+++ SInv}
 14196 | Lair:1   | Reached skill level 1 in Transmutations
 14197 | Lair:1   | Reached skill level 13 in Unarmed Combat
 14460 | Lair:1   | Noticed a four-headed hydra
 14486 | Lair:1   | Killed a nine-headed hydra
 15034 | Lair:1   | Noticed Nergalle
 15045 | Lair:1   | Killed Nergalle
 15562 | Lair:2   | Reached skill level 1 in Shields
 15765 | Lair:2   | Found a staircase to the Snake Pit.
 15862 | Lair:2   | Noticed a six-headed hydra
 15869 | Lair:2   | Killed a six-headed hydra
 15870 | Lair:2   | Reached skill level 14 in Unarmed Combat
 15906 | Lair:2   | Found a staircase to the Swamp.
 16108 | Lair:2   | Gained mutation: You are powered by pain. [demonic
                  | ancestry]
 16108 | Lair:2   | Reached XP level 13. HP: 81/106 MP: 20/20
 19274 | Lair:4   | Reached skill level 15 in Unarmed Combat
 19590 | Lair:4   | Identified a scroll of acquirement
 19591 | Lair:4   | Acquired the ring of Salvation {rN+ Str+4 Slay+3}
 19876 | Lair:5   | Found a staircase to the Slime Pits.
 20561 | Lair:6   | Entered Level 6 of the Lair of Beasts
 20794 | Lair:6   | Noticed Urug
 20851 | Lair:6   | Killed Urug
 21365 | Lair:5   | Reached XP level 14. HP: 98/116 MP: 21/21
 21695 | Lair:6   | Reached skill level 5 in Dodging
 21972 | Lair:6   | Reached skill level 16 in Unarmed Combat
 22471 | Lair:6   | Found a bloodstained altar of Trog.
 22471 | Lair:6   | Noticed Lunaplom's ghost (journeyman MiBe)
 22539 | Lair:6   | Found a transporter.
 22708 | Lair:6   | Found a transporter.
 22839 | Lair:6   | Identified the +1 helmet "Ydiapn" {Harm rF+}
 23386 | Orc:1    | Entered Level 1 of the Orcish Mines
 23706 | Orc:1    | Found Lainesy's Book Emporium.
 23721 | Orc:2    | Entered Level 2 of the Orcish Mines
 24146 | Orc:2    | Found a staircase to the Elven Halls.
 24794 | Orc:2    | Found Hoxan's Antique Weapon Emporium.
 24794 | Orc:2    | Found Dorut's Armour Shop.
 25039 | Orc:2    | Found Isuevvos's Armour Emporium.
 25039 | Orc:2    | Found Lonlah's General Store.
 25130 | Orc:2    | Bought the +2 hat of Incorporation {rN++ rCorr Str-2 Int+2}
                  | for 445 gold pieces
 25144 | Orc:2    | Bought a +2 cloak of willpower for 365 gold pieces
 25202 | Orc:1    | Bought a book of Transfigurations for 560 gold pieces
 25493 | Orc:1    | Reached ***** piety under Qazlal
 25826 | D:12     | Found a frozen archway.
 25838 | IceCv    | Entered an ice cave
 25924 | IceCv    | Reached skill level 5 in Transmutations
 25926 | IceCv    | Identified the +0 ring mail "Pobianaite" {rN++}
 26140 | IceCv    | Noticed a reaper
 26182 | IceCv    | Reached skill level 1 in Spellcasting
 26216 | IceCv    | Killed a reaper
 26683 | D:12     | Learned a level 5 spell: Blade Hands
 26785 | D:12     | Reached XP level 15. HP: 126/126 MP: 24/24
 28585 | D:14     | Found a gate to the Vaults.
 29383 | D:14     | Found a sparkling altar of Nemelex Xobeh.
 29713 | D:15     | Entered Level 15 of the Dungeon
 29966 | D:15     | Found a staircase to the Depths.
 29969 | D:15     | Noticed a fire giant
 30001 | D:15     | Killed a fire giant
 30708 | D:15     | Reached ****** piety under Qazlal
 31034 | D:15     | Reached skill level 5 in Spellcasting
 31064 | D:15     | Reached skill level 15 in Fighting
 31340 | Snake:1  | Entered Level 1 of the Snake Pit
 32957 | Snake:2  | Noticed Jorgrun
 32958 | Snake:2  | Gained mutation: You are mostly covered in large bone
                  | plates. (SH +6) [demonic ancestry]
 32958 | Snake:2  | Reached XP level 16. HP: 136/136 MP: 20/25
 33179 | Snake:2  | Found a hazy altar of Hepliaklqana.
 33552 | Snake:2  | Killed Jorgrun
 34340 | Snake:2  | HP: 5/136 [naga sharpshooter/bolt (26)]
 34341 | Snake:2  | Slain by a naga warrior

Illustrated notes

Levels and vault maps discovered:
D:1:      scummos_arrival_hexagon, layout_basic,
          chequers_ecumenical_altar_simple
D:2:      layout_basic, cheibrodos_gnoll_hut, uniq_terence,
          uniq_crazy_yiuf_cottage
D:3:      layout_rooms
D:4:      layout_loops_ring, minitemple, serial_shops, kennysheep_mini,
          gup_sewer_entry_pipe, uniq_pikel
D:5:      layout_loops_ring, kennysheep_generic_room_15
D:6:      layout_rooms, st_stairs_1, chequers_mini_garden
D:7:      layout_loops_ring, minmay_temple_entry_enclosed_plants,
          hangedman_decor_lopped
D:8:      layout_layer_cave
D:9:      layout_cave_pools, uniq_joseph, uniq_maurice, uniq_harold, uniq_psyche
D:10:     layout_loops_corners
D:11:     layout_small_grid, dpeg_lair_monsters, zombieorc1_lemuel,
          serial_glass, glass_columns_b, glass_columns_a
D:12:     layout_cave_pools, portal_ice_cave_entry_pillars_1
D:13:     layout_rooms, minmay_misc_feat_iff, minmay_crystal_water
D:14:     layout_basic, david_vaults_2, nemelex_spade_bored_becter,
          minmay_microvault
D:15:     grunt_enter_depths_giant_problem, layout_basic, columned_hall_lemuel
Lair:1:   layout_roguey, hellmonk_guarded_unrand_zhor, grunt_megastairs_5,
          uniq_nergalle
Lair:2:   layout_gridlike, minmay_swamp_entry_eels, guppyfry_snake_entry_garden,
          lemuel_fruit_tree, serial_bayou_shore_a
Lair:3:   layout_regular_city
Lair:4:   layout_cave_pods
Lair:5:   layout_small_grid, minmay_slime_entry_pillars
Lair:6:   minmay_lair_end_frog_pond, layout_small_grid,
          gammafunk_ghost_wrathful_warriors, grunt_forest_small_clearings,
          uniq_urug
Snake:1:  layout_gridlike, grunt_megastairs_2
Snake:2:  layout_onion_interference, basic_altar, abandoned_shop,
          minmay_shoptagon, uniq_jorgrun
Orc:1:    layout_diamond_mine, serial_shops, shop_fountains, basic_altar
Orc:2:    grunt_orc_tribal_feast, layout_diamond_mine

Skill      XL: |  1  2  3  4  5  6  7  8  9 10 11 12 13 14 15 |
---------------+----------------------------------------------+-----
Stealth        | 2 |  2.0
Unarmed Combat | 1 2 3 4 6 7 9 11 12 14 15 16 | 16.3
Invocations    | 1 2 3 4 5 7 9 10 12 | 12.1
Fighting       | 4 5 6 8 9 10 11 12 14 15 | 15.5
Armour         | 1 4 |  4.8
Transmutations | 3 4 5 9 |  9.4
Shields        | 2 4 |  4.2
Dodging        | 4 7 |  7.9
Spellcasting   | 1 5 |  5.3
Long Blades    | |  2.8

Action                   |  1- 3 |  4- 6 |  7- 9 | 10-12 | 13-15 | 16-18 || total
-------------------------+-------+-------+-------+-------+-------+-------++-------
Melee: Falchion          |     8 |       |       |       |       |       ||     8
       Unarmed           |   134 |   263 |   248 |   570 |  1128 |    73 ||  2416
       Punch             |       |     3 |    11 |    36 |    25 |     4 ||    79
Throw: Dart              |       |     1 |    11 |    27 |    15 |       ||    54
 Cast: Wereblood         |       |       |       |    13 |    56 |     5 ||    74
       Blade Hands       |       |       |       |       |    19 |     4 ||    23
Invok: Upheaval          |     1 |     4 |     9 |    23 |    19 |     3 ||    59
       Elemental Force   |       |     1 |     1 |     1 |       |       ||     3
Evoke: Wand              |       |       |       |       |     9 |       ||     9
  Use: Scroll            |     1 |     2 |     2 |     8 |    12 |     1 ||    26
       Potion            |       |     1 |       |     3 |     4 |     1 ||     9
Armor: Scale mail        |    30 |   144 |    90 |   154 |       |       ||   418
       Robe              |     9 |       |       |       |       |       ||     9
       Animal skin       |       |       |       |    64 |   160 |    23 ||   247
Dodge: Dodged            |    78 |   135 |   105 |   232 |   383 |    49 ||   982
       Repelled          |       |       |       |       |    12 |     7 ||    19
Block: Other             |     7 |   127 |   109 |   199 |   123 |    56 ||   621
       Buckler           |       |       |       |       |   583 |    19 ||   602

Table legend: (Time is in decaauts)
 A = Elapsed time spent in this place.
 B = Non-inter-level travel time spent in this place.
 C = Inter-level travel time spent in this place.
 D = Time resting spent in this place.
 E = Time spent auto-exploring this place.
 F = Levels seen in this place.
 G = Mean time per level.
                   A        B        C        D        E       F      G
               +--------+--------+--------+--------+--------+-----+--------+
         Total |  33975 |  32536 |   1439 |   7796 |  19305 |  27 | 1258.3 |
       Dungeon |  17870 |  17252 |    618 |   2857 |  11525 |  15 | 1191.3 |
          Lair |   9167 |   8658 |    509 |   2636 |   4636 |   6 | 1527.8 |
     Snake Pit |   2970 |   2914 |     56 |   1340 |   1231 |   2 | 1485.0 |
  Orcish Mines |   2292 |   2037 |    255 |    571 |   1122 |   2 | 1146.0 |
         Sewer |    911 |    911 |      0 |    392 |    307 |   1 |  911.0 |
      Ice Cave |    764 |    764 |      0 |      0 |    483 |   1 |  764.0 |
               +--------+--------+--------+--------+--------+-----+--------+

Top non-repeatable levels by time:
 Snake:1: 2834 daAuts
  Lair:1: 2363 daAuts
    D:10: 2072 daAuts
  Lair:5: 2048 daAuts
    D:11: 1741 daAuts
     D:8: 1692 daAuts
  Lair:2: 1641 daAuts
    D:14: 1575 daAuts
    D:15: 1322 daAuts
  Lair:6: 1300 daAuts
   Orc:2: 1219 daAuts
     D:4: 1187 daAuts
     D:2: 1171 daAuts
     D:1: 1161 daAuts
     D:5: 1153 daAuts
